AoeStats
← rpgjenkins

Four Lakes

509697171Analyzed
1v1 RM · 4d ago on Sep 27, 2026· 57m 42s· 2 players
Game mode
Random Map
Map size
Tiny (2 player)
Population
200
Speed
Normal
Resources
Standard
Victory
Conquest
Starting age
Dark Age
Ending age
Imperial Age
RankedLock teamsTeams togetherTeam positionsShared explorationLock speedFull tech treeHidden civsTurbo modeCheats
Victory
Defeat
🇨🇦 Chinese · Canada
833
+17
🇺🇸 Bengalis · United States
851
-17
rpgjenkins
0:28 Loom
15:39 Feudal Age
16:47 Double-Bit Axe
19:48 Castle Age
20:37 Scale Mail Armor
20:50 Forging
21:08 Bow Saw
21:33 Horse Collar
22:20 Scale Barding Armor
22:51 Iron Casting
25:02 Husbandry
26:42 Chain Barding Armor
34:19 Fletching
34:29 Padded Archer Armor
38:01 Imperial Age
35:40 Elite Skirmisher
37:06 Wheelbarrow
37:38 Bodkin Arrow
37:58 Leather Archer Armor
39:21 Ring Archer Armor
38:51 Bracer
38:32 Cavalier
40:33 Chemistry
39:54 Ballistics
41:20 Blast Furnace
40:52 Heavy Plow
42:26 Hand Cart
42:18 Bracer
44:28 Two-Man Saw
44:39 Capped Ram
48:03 Plate Barding Armor
49:26 Siege Ram
49:41 Siege Ram
56:52 Pikeman
57:33 Squires
57:19 Arson
57:36 Scale Mail Armor
timnortie3
2:47 Loom
12:03 Feudal Age
12:47 Double-Bit Axe
19:22 Castle Age
17:35 Stone Mining
19:54 Gold Mining
26:50 Fletching
29:56 Imperial Age
28:16 Murder Holes
29:14 Wheelbarrow
28:25 Town Watch
32:32 Conscription
32:13 Pikeman
32:55 Squires
40:57 Hand Cart
43:15 Bow Saw
46:02 Elite Skirmisher
46:52 Elite Elephant Archer
51:01 Ballistics
51:44 Chemistry
50:29 Elite Skirmisher
56:13 Bloodlines
Connection lost

Rejoining the realm…

Still unreachable

The connection could not be restored.

Session expired

The server has moved on; the page needs a fresh start.